Coutelas vs Moose (R2)

Created - April 7, 2021 at 19:33

Goals
1 2 3 T
Coutelas 0 3 2 5
Moose 0 2 0 2
Shots
1 2 3 T
Coutelas 7 13 7 27
Moose 6 12 12 30

1st period

No Goal

Penalties :
Dustin Kohn (MDÉ) for Elbowing (Minor) at 4:51, Josh Bailey (Man) for Roughing (Minor) at 7:35, Tanner Richard (MDÉ) for Tripping (Minor) at 12:12, Dustin Kohn (MDÉ) for Holding (Minor) at 18:36

2nd period

1. Coutelas , Dustin Kohn 13 (Tanner Richard 45, Craig Cunningham 39) at 0:53
2. Coutelas , Dustin Kohn 14 (Sam Reinhart 21, Petter Granberg 11) at 1:49
3. Coutelas , Tanner Richard 28 (Dustin Kohn 54, Oliver Bjorkstrand 26) at 12:00 (PP)
4. Moose , Vince Hinostroza 20 (Ludwig Bystrom 23, Nikolaj Ehlers 35) at 12:14
5. Moose , Nikolay Goldobin 8 (Nathan Walker 15) at 17:06

Penalties :
Tanner Richard (MDÉ) for Boarding (Minor) at 2:49, Patrick Sieloff (MDÉ) for Hooking (Minor) at 6:55, Iiro Pakarinen (Man) for Tripping (Minor) at 10:44

3rd period

6. Coutelas , Mikhail Grigorenko 11 (Mattias Janmark 10, Craig Cunningham 40) at 4:49
7. Coutelas , Michael Chaput 25 (Martins Karsums 27, Petter Granberg 12) at 7:14 (SH)

Penalties :
Patrick Sieloff (MDÉ) for Interference (Minor) at 2:24, Dustin Kohn (MDÉ) for Holding (Minor) at 7:05, Mikhail Grigorenko (MDÉ) for High sticking (Minor) at 15:38

Goalie Stats

Joe Cannata (MDÉ), 28 saves from 30 shots - (0.933), W, 27-14-5, 60:00 minutes
Joey Daccord (Man), 19 saves from 24 shots - (0.792), L, 1-2-0, 47:14 minutes
Magnus Hellberg (Man), 3 saves from 3 shots - (1.000), 12:46 minutes

Players Stats for Coutelas

Player Name              G  A  P  +/- PIM S  H  SB GA TA FO     MP     PP MP  PK MP  
------------------------------------------------------------------------------------
Ben Harpur               0  0  0  -1  0   0  0  0  1  2  0/0    19:39   1:18   5:56 
Calle Andersson          0  0  0   0  0   0  0  0  0  0  0/0     0:00   0:00   0:00 
Craig Cunningham         0  2  2   0  0   2  1  1  0  1  0/1    22:24   1:25   6:14 
Curtis Lazar             0  0  0   1  0   0  0  0  0  0  2/2     6:12   0:00   0:00 
Duncan Siemens           0  0  0   0  0   0  1  0  0  0  0/0     5:23   0:00   0:00 
Dustin Kohn              2  1  3   2  6   3  3  0  1  0  0/0    23:31   1:57   5:54 
Julius Honka             0  0  0   0  0   1  0  0  0  0  0/0     5:23   0:00   0:00 
Kurtis Gabriel           0  0  0   0  0   0  0  0  0  0  0/0     0:00   0:00   0:00 
Martins Karsums          0  1  1   0  0   5  0  0  2  0  9/14   22:42   1:25   7:56 
Mattias Janmark          0  1  1   0  0   1  1  0  0  0  0/0     8:24   0:00   0:00 
Michael Chaput           1  0  1   0  0   4  0  0  0  1  8/27   22:43   1:25   7:57 
Mike Reilly              0  0  0   2  0   0  1  1  0  0  0/0    10:10   0:00   3:04 
Mikhail Grigorenko       1  0  1   0  2   1  0  0  0  0  2/2     8:42   0:00   0:13 
Myles Bell               0  0  0   1  0   0  0  0  1  0  0/0     6:47   0:00   0:07 
Nick Mattson             0  0  0  -1  0   0  1  0  0  1  0/0    19:39   1:18   5:56 
Nick Paul                0  0  0   0  0   0  0  0  0  0  0/0     0:08   0:00   0:00 
Nikita Scherbak          0  0  0   0  0   0  0  0  0  0  0/1     4:37   0:00   3:37 
Oliver Bjorkstrand       0  1  1   0  0   1  2  0  1  0  0/0    12:54   1:50   0:00 
Patrick Russell          0  0  0   0  0   0  0  0  0  0  0/0     0:00   0:00   0:00 
Patrick Sieloff          0  0  0   0  4   0  2  2  0  0  0/0     8:46   0:00   0:58 
Petter Granberg          0  2  2   3  0   2  1  0  0  1  0/0    28:10   1:57   9:56 
Rhett Rakhshani          0  0  0   0  0   2  1  0  0  0  0/0     8:24   0:00   0:00 
Sam Reinhart             0  1  1   1  0   2  0  0  1  0  0/0     6:12   0:00   0:00 
Tanner Richard           1  1  2   1  4   3  3  0  2  0  9/16   17:49   1:50   3:29 
Teemu Pulkkinen          0  0  0   0  0   0  0  1  1  0  1/2    15:21   1:50   2:11 

Players Stats for Moose

Player Name              G  A  P  +/- PIM S  H  SB GA TA FO     MP     PP MP  PK MP  
------------------------------------------------------------------------------------
Alexandre Carrier        0  0  0   0  0   0  0  0  0  0  0/0    16:28   6:48   0:00 
Brendan Perlini          0  0  0  -1  0   0  0  1  0  0  0/0    12:53   0:54   0:00 
Cedric Paquette          0  0  0   0  0   1  1  1  0  0  2/7    10:04   0:00   2:08 
Colin White              0  0  0   0  0   0  2  0  0  0  0/1     7:41   0:00   0:30 
Dominik Kahun            0  0  0   0  0   3  0  2  0  1  17/31  22:27   8:31   0:37 
Iiro Pakarinen           0  0  0  -2  2   5  1  1  1  1  0/0    18:42   6:34   0:00 
John Marino              0  0  0   1  0   0  0  0  0  1  0/0     9:21   0:40   0:00 
Jordan Martinook         0  0  0   0  0   2  2  0  0  1  0/1     9:53   0:21   1:18 
Josh Bailey              0  0  0  -1  2   0  2  1  2  1  1/2    16:12   8:25   0:59 
Ludwig Bystrom           0  1  1  -1  0   2  3  0  0  0  0/0    24:22   9:04   1:41 
Mirco Mueller            0  0  0  -1  0   0  2  4  0  4  0/0    18:48   0:00   1:41 
Nathan Walker            0  1  1  -1  0   2  2  1  1  0  2/2    14:19   6:59   0:00 
Nicolas Petan            0  0  0  -2  0   2  2  0  0  0  10/18  18:43   6:34   0:00 
Nikolaj Ehlers           0  1  1   0  0   8  0  1  0  0  1/1    21:46   8:25   0:02 
Nikolay Goldobin         1  0  1   0  0   1  0  0  0  0  0/0     8:07   0:00   0:56 
Troy Stetcher            0  0  0  -2  0   0  1  1  0  0  0/0    26:51   9:04   1:34 
Vince Hinostroza         1  0  1   1  0   4  0  1  2  0  1/2    15:56   0:53   0:00 
Vladislav Gavrikov       0  0  0  -1  0   0  2  1  0  1  0/0    24:10   6:08   1:34 

3 Stars

1 - Dustin Kohn (MDÉ)
2 - Petter Granberg (MDÉ)
3 - Tanner Richard (MDÉ)

Power Play

Coutelas - 1 on 2 Attempt(s) - 50.00%
Moose - 0 on 8 Attempt(s) - 0.00%

Penalty Kill

Coutelas - 8 on 8 Attempt(s) - 100.00% - Score 1 goal in Penalty Kill
Moose - 1 on 2 Attempt(s) - 50.00% - Score 0 goal in Penalty Kill

Team Stat

Coutelas - Hits : 17 - Faceoff Wins : 31 - Blocked Shots : 5 - Penalty Minutes : 16
Moose - Hits : 20 - Faceoff Wins : 34 - Blocked Shots : 15 - Penalty Minutes : 4

Official

Referees : Unknown
Linesman : Unknown

Game Notes

Magnus Hellberg enters game at 7:14 of 3rd period

Finance

Level 1 -- Attendance: 2000 (100.00%) -- Ticket Income $50,000
Level 2 -- Attendance: 915 (91.50%) -- Ticket Income $11,895
Total Attendance: 2915 (97.17%)
Total Ticket Income: $61,895
Other Income: $3,095
Total Income: $64,990

Coutelas

5 vs 5 Forward 
   Center                   Left Wing                Right Wing               Time % Phy DF OF 
 1 Michael Chaput           Craig Cunningham         Martins Karsums          40     1   2  2  
 2 Tanner Richard           Teemu Pulkkinen          Oliver Bjorkstrand       30     1   2  2  
 3 Mikhail Grigorenko       Mattias Janmark          Rhett Rakhshani          20     1   2  2  
 4 Curtis Lazar             Myles Bell               Sam Reinhart             10     1   2  2  

5 vs 5 Defense 
   Defense                  Defense                                           Time % Phy DF OF 
 1 Dustin Kohn              Petter Granberg                                   40     1   2  2  
 2 Ben Harpur               Nick Mattson                                      30     1   2  2  
 3 Mike Reilly              Patrick Sieloff                                   20     1   2  2  
 4 Duncan Siemens           Julius Honka                                      10     1   2  2  

PowerPlay Forward 
   Center                   Left Wing                Right Wing               Time % Phy DF OF 
 1 Michael Chaput           Craig Cunningham         Martins Karsums          60     1   2  2  
 2 Tanner Richard           Teemu Pulkkinen          Oliver Bjorkstrand       40     1   2  2  

PowerPlay Defense
   Defense                  Defense                                           Time % Phy DF OF 
 1 Dustin Kohn              Petter Granberg                                   60     1   2  2  
 2 Ben Harpur               Nick Mattson                                      40     1   2  2  

Penalty Kill 4 Players Forward 
   Center                   Wing                     Time % Phy DF OF 
 1 Martins Karsums          Michael Chaput           60     1   2  2  
 2 Craig Cunningham         Tanner Richard           40     1   2  2  

Penalty Kill 4 Players Defense
   Defense                  Defense                  Time % Phy DF OF 
 1 Dustin Kohn              Petter Granberg          60     1   2  2  
 2 Ben Harpur               Nick Mattson             40     1   2  2  

Penalty Kill - 3 Players Forward 
   Forward                                           Time % Phy DF OF 
 1 Martins Karsums                                   60     1   2  2  
 2 Michael Chaput                                    40     1   2  2  

Penalty Kill - 3 Players Defense
   Defense                  Defense                  Time % Phy DF OF 
 1 Dustin Kohn              Petter Granberg          60     1   2  2  
 2 Ben Harpur               Nick Mattson             40     1   2  2  

4 vs 4 Forward 
   Center                   Wing                     Time % Phy DF OF 
 1 Martins Karsums          Michael Chaput           60     1   2  2  
 2 Craig Cunningham         Tanner Richard           40     1   2  2  

4 vs 4 Defense
   Defense                  Defense                  Time % Phy DF OF 
 1 Dustin Kohn              Petter Granberg          60     1   2  2  
 2 Ben Harpur               Nick Mattson             40     1   2  2  

Last Minutes Offensive
   Center                   Left Wing                Right Wing               Defense                  Defense                  
   Michael Chaput           Craig Cunningham         Martins Karsums          Dustin Kohn              Petter Granberg          

Last Minutes Defensive
   Center                   Left Wing                Right Wing               Defense                  Defense                  
   Michael Chaput           Craig Cunningham         Martins Karsums          Dustin Kohn              Petter Granberg          

Goaltenders
Starting : Joe Cannata              
Backup : Mackenzie Blackwood      

Extra Forwards
Normal : Nick Paul, Kurtis Gabriel, Nikita Scherbak - PP : Nick Paul, Kurtis Gabriel - PK : Nikita Scherbak
Extra Defensemen
Normal : Calle Andersson, Mike Reilly, Patrick Sieloff - PP : Calle Andersson - PK : Mike Reilly, Patrick Sieloff
Penalty Shots
Martins Karsums, Michael Chaput, Craig Cunningham, Tanner Richard, Teemu Pulkkinen

Scratches
Stefan Matteau (Lower Body Injury), Ross Johnston (Healthy), Zach Whitecloud (Healthy), Clark Bishop (Healthy), JJ. Piccinich (Healthy)
Michael Giugovaz (Healthy)

Moose

5 vs 5 Forward 
   Center                   Left Wing                Right Wing               Time % Phy DF OF 
 1 Dominik Kahun            Nikolaj Ehlers           Vince Hinostroza         40     1   2  2  
 2 Nicolas Petan            Brendan Perlini          Iiro Pakarinen           30     1   2  2  
 3 Cedric Paquette          Jordan Martinook         Josh Bailey              20     1   2  2  
 4 Colin White              Nathan Walker            Nikolay Goldobin         10     1   2  2  

5 vs 5 Defense 
   Defense                  Defense                                           Time % Phy DF OF 
 1 Mirco Mueller            Troy Stetcher                                     40     1   3  1  
 2 Vladislav Gavrikov       Ludwig Bystrom                                    35     1   3  1  
 3 Alexandre Carrier        John Marino                                       25     1   2  2  
 4 Troy Stetcher            Mirco Mueller                                     0      1   2  2  

PowerPlay Forward 
   Center                   Left Wing                Right Wing               Time % Phy DF OF 
 1 Dominik Kahun            Nikolaj Ehlers           Josh Bailey              60     0   1  4  
 2 Nicolas Petan            Nathan Walker            Iiro Pakarinen           40     0   1  4  

PowerPlay Defense
   Defense                  Defense                                           Time % Phy DF OF 
 1 Ludwig Bystrom           Troy Stetcher                                     60     0   1  4  
 2 Vladislav Gavrikov       Alexandre Carrier                                 40     0   1  4  

Penalty Kill 4 Players Forward 
   Center                   Wing                     Time % Phy DF OF 
 1 Cedric Paquette          Josh Bailey              60     1   3  1  
 2 Jordan Martinook         Colin White              40     1   3  1  

Penalty Kill 4 Players Defense
   Defense                  Defense                  Time % Phy DF OF 
 1 Mirco Mueller            Ludwig Bystrom           60     1   4  0  
 2 Vladislav Gavrikov       Troy Stetcher            40     1   4  0  

Penalty Kill - 3 Players Forward 
   Forward                                           Time % Phy DF OF 
 1 Jordan Martinook                                  60     0   4  1  
 2 Josh Bailey                                       40     0   4  1  

Penalty Kill - 3 Players Defense
   Defense                  Defense                  Time % Phy DF OF 
 1 Mirco Mueller            Vladislav Gavrikov       60     1   3  1  
 2 Troy Stetcher            Ludwig Bystrom           40     1   3  1  

4 vs 4 Forward 
   Center                   Wing                     Time % Phy DF OF 
 1 Dominik Kahun            Nikolaj Ehlers           60     1   2  2  
 2 Cedric Paquette          Nathan Walker            40     1   2  2  

4 vs 4 Defense
   Defense                  Defense                  Time % Phy DF OF 
 1 Troy Stetcher            Mirco Mueller            60     1   2  2  
 2 Ludwig Bystrom           Vladislav Gavrikov       40     1   2  2  

Last Minutes Offensive
   Center                   Left Wing                Right Wing               Defense                  Defense                  
   Dominik Kahun            Nikolaj Ehlers           Iiro Pakarinen           Ludwig Bystrom           Troy Stetcher            

Last Minutes Defensive
   Center                   Left Wing                Right Wing               Defense                  Defense                  
   Cedric Paquette          Jordan Martinook         Josh Bailey              Mirco Mueller            Troy Stetcher            

Goaltenders
Starting : Joey Daccord             
Backup : Magnus Hellberg          

Extra Forwards
Normal : Nikolaj Ehlers, Iiro Pakarinen, Vince Hinostroza - PP : Nathan Walker, Brendan Perlini - PK : Nikolay Goldobin
Extra Defensemen
Normal : Alexandre Carrier, Vladislav Gavrikov, Ludwig Bystrom - PP : Alexandre Carrier - PK : Ludwig Bystrom, Mirco Mueller
Penalty Shots
Nikolay Goldobin, Nathan Walker, Iiro Pakarinen, Brendan Perlini, Cedric Paquette

Scratches
Nicklas Jensen (Healthy), Jeremy Bracco (Healthy), Mitchell Stephens (Healthy), Sami Niku (Healthy), Matthew Benning (Healthy)
David Kase (Healthy), Jansen Harkins (Healthy), Dwight King (Healthy), John Hayden (Healthy), Mackenzie MacEachern (Healthy)
Jesse Graham (Healthy), Jayce Hawryluk (Healthy), Oskar Lindblom (Healthy), Ryan Collins (Healthy), William Lagesson (Healthy)
Philippe Desrosiers (Healthy)

% Time on Ice - Coutelas

Lines # - Real PCT - Wanted PCT - Time Play
Normal Forward
1 - 35% - 40% - 14:27
2 - 29% - 30% - 11:50
3 - 21% - 20% - 8:24
4 - 15% - 10% - 6:12
Normal Defense
1 - 40% - 40% - 16:17
2 - 30% - 30% - 12:25
3 - 17% - 20% - 6:48
4 - 13% - 10% - 5:23
PP Forward
1 - 44% - 60% - 1:25
2 - 56% - 40% - 1:50
PP Defense
1 - 60% - 60% - 1:57
2 - 40% - 40% - 1:18
PK Forward
1 - 69% - 60% - 10:56
2 - 31% - 40% - 4:56
PK Defense
1 - 63% - 60% - 9:56
2 - 37% - 40% - 5:56
PK3 Forward
1 - 0% - 60%
2 - 0% - 40%
PK3 Defense
1 - 0% - 60%
2 - 0% - 40%
44 Forward
1 - 0% - 60%
2 - 0% - 40%
44 Defense
1 - 0% - 60%
2 - 0% - 40%
Last Minute Offensive  - 0:00
Last Minute Defensive  - 0:00
Total
Forward - 60:00
Defense - 60:00

% Time on Ice - Moose

Lines # - Real PCT - Wanted PCT - Time Play
Normal Forward
1 - 33% - 40% - 13:37
2 - 30% - 30% - 12:09
3 - 19% - 20% - 7:56
4 - 18% - 10% - 7:11
Normal Defense
1 - 43% - 40% - 17:35
2 - 36% - 35% - 14:37
3 - 21% - 25% - 8:41
4 - 0% - 0% - 0:00
PP Forward
1 - 56% - 60% - 8:53
2 - 44% - 40% - 6:59
PP Defense
1 - 57% - 60% - 9:04
2 - 43% - 40% - 6:48
PK Forward
1 - 85% - 60% - 2:45
2 - 15% - 40% - 0:30
PK Defense
1 - 52% - 60% - 1:41
2 - 48% - 40% - 1:34
PK3 Forward
1 - 0% - 60%
2 - 0% - 40%
PK3 Defense
1 - 0% - 60%
2 - 0% - 40%
44 Forward
1 - 0% - 60%
2 - 0% - 40%
44 Defense
1 - 0% - 60%
2 - 0% - 40%
Last Minute Offensive  - 0:00
Last Minute Defensive  - 0:00
Total
Forward - 60:00
Defense - 60:00

Play-by-Play

1st period


0:01 of 1st period - Vince Hinostroza wins face-off versus Michael Chaput in neutral zone.
0:04 of 1st period - Snap shot by Vince Hinostroza.
0:04 of 1st period - Shot Misses the Net.
0:15 of 1st period - Off-side.
0:16 of 1st period - Tanner Richard wins face-off versus Nicolas Petan in neutral zone.
1:13 of 1st period - Snap shot by Vince Hinostroza.
1:13 of 1st period - Stopped by Joe Cannata without a rebound.
1:14 of 1st period - Curtis Lazar wins face-off versus Colin White in Coutelas zone.
1:21 of 1st period - Slapshot by Curtis Lazar.
1:21 of 1st period - Deflect By Sam Reinhart.
1:21 of 1st period - Shot Misses the Net.
1:21 of 1st period - Puck is out of play.
1:22 of 1st period - Nathan Walker wins face-off versus Tanner Richard in Moose zone.
1:39 of 1st period - Mirco Mueller is hit by Tanner Richard.
1:49 of 1st period - Backhand shot by Dustin Kohn.
1:49 of 1st period - Shot Misses the Net.
1:51 of 1st period - Snap shot by Michael Chaput.
1:51 of 1st period - Stopped by Joey Daccord without a rebound.
1:52 of 1st period - Mikhail Grigorenko wins face-off versus Nicolas Petan in Moose zone.
2:30 of 1st period - Snap shot by Martins Karsums.
2:30 of 1st period - Stopped by Joey Daccord with a rebound.
2:43 of 1st period - Off-side.
2:44 of 1st period - Teemu Pulkkinen wins face-off versus Cedric Paquette in neutral zone.
2:46 of 1st period - Off-side.
2:47 of 1st period - Curtis Lazar wins face-off versus Dominik Kahun in neutral zone.
3:19 of 1st period - Snap shot by Iiro Pakarinen.
3:19 of 1st period - Stopped by Joe Cannata without a rebound.
3:20 of 1st period - Martins Karsums wins face-off versus Nicolas Petan in Coutelas zone.
4:14 of 1st period - Vince Hinostroza is hit by Patrick Sieloff and loses puck.
4:27 of 1st period - Colin White is hit by Patrick Sieloff and loses puck.
4:51 of 1st period - Minor Penalty to Dustin Kohn for Elbowing.
4:52 of 1st period - Martins Karsums wins face-off versus Dominik Kahun in Coutelas zone.
5:54 of 1st period - Tanner Richard is hit by Iiro Pakarinen and loses puck.
6:23 of 1st period - Patrick Sieloff is hit by Troy Stetcher and loses puck.
6:51 of 1st period - Penalty to Dustin Kohn is over, Dustin Kohn is back on ice.
7:20 of 1st period - Snap shot by Mikhail Grigorenko.
7:20 of 1st period - Shot Misses the Net.
7:26 of 1st period - Wrist shot by Mikhail Grigorenko.
7:26 of 1st period - Shot Blocked by Mirco Mueller.
7:28 of 1st period - Snap shot by Mikhail Grigorenko.
7:28 of 1st period - Deflect By Rhett Rakhshani.
7:28 of 1st period - Shot Blocked by Nathan Walker.
7:28 of 1st period - Puck is out of play.
7:29 of 1st period - Tanner Richard wins face-off versus Cedric Paquette in Moose zone.
7:35 of 1st period - Minor Penalty to Josh Bailey for Roughing.
7:36 of 1st period - Michael Chaput wins face-off versus Cedric Paquette in Moose zone.
7:40 of 1st period - Snap shot by Martins Karsums.
7:40 of 1st period - Shot Blocked by Mirco Mueller.
7:42 of 1st period - Snap shot by Michael Chaput.
7:42 of 1st period - Shot Misses the Net.
8:31 of 1st period - Icing by Martins Karsums.
8:32 of 1st period - Cedric Paquette wins face-off versus Tanner Richard in Coutelas zone.
9:35 of 1st period - Penalty to Josh Bailey is over, Josh Bailey is back on ice.
9:49 of 1st period - Wrist shot by Iiro Pakarinen.
9:49 of 1st period - Shot Blocked by Patrick Sieloff.
10:31 of 1st period - Mattias Janmark is hit by Nathan Walker and loses puck.
10:46 of 1st period - Snap shot by Martins Karsums.
10:46 of 1st period - Deflect By Craig Cunningham.
10:46 of 1st period - Shot Misses the Net.
10:46 of 1st period - Puck is out of play.
10:47 of 1st period - Nicolas Petan wins face-off versus Michael Chaput in Moose zone.
10:52 of 1st period - Snap shot by Brendan Perlini.
10:52 of 1st period - Shot Misses the Net.
11:53 of 1st period - Snap shot by Martins Karsums.
11:53 of 1st period - Stopped by Joey Daccord with a rebound.
11:55 of 1st period - Wrist shot by Martins Karsums.
11:55 of 1st period - Stopped by Joey Daccord with a rebound.
12:01 of 1st period - Wrist shot by Michael Chaput.
12:01 of 1st period - Stopped by Joey Daccord without a rebound.
12:02 of 1st period - Dominik Kahun wins face-off versus Tanner Richard in Moose zone.
12:12 of 1st period - Minor Penalty to Tanner Richard for Tripping.
12:13 of 1st period - Martins Karsums wins face-off versus Josh Bailey in Coutelas zone.
12:23 of 1st period - Slapshot by Nikolaj Ehlers.
12:23 of 1st period - Shot Misses the Net.
13:13 of 1st period - Petter Granberg is hit by Josh Bailey and loses puck.
13:42 of 1st period - Wrist shot by Nathan Walker.
13:42 of 1st period - Shot Misses the Net.
13:44 of 1st period - Snap shot by Nathan Walker.
13:44 of 1st period - Stopped by Joe Cannata without a rebound.
13:45 of 1st period - Nathan Walker wins face-off versus Nikita Scherbak in Coutelas zone.
13:56 of 1st period - Wrist shot by Nathan Walker.
13:56 of 1st period - Shot Misses the Net.
14:12 of 1st period - Penalty to Tanner Richard is over, Tanner Richard is back on ice.
15:58 of 1st period - Snap shot by Nikolaj Ehlers.
15:58 of 1st period - Shot Blocked by Patrick Sieloff.
16:13 of 1st period - Michael Chaput is hit by Colin White and loses puck.
17:24 of 1st period - Snap shot by Sam Reinhart.
17:24 of 1st period - Deflect By Nathan Walker.
17:24 of 1st period - Stopped by Joey Daccord with a rebound.
17:26 of 1st period - Slapshot by Julius Honka.
17:26 of 1st period - Stopped by Joey Daccord without a rebound.
17:27 of 1st period - Dominik Kahun wins face-off versus Tanner Richard in Moose zone.
17:31 of 1st period - Off-side.
17:32 of 1st period - Dominik Kahun wins face-off versus Tanner Richard in neutral zone.
17:48 of 1st period - Wrist shot by Dominik Kahun.
17:48 of 1st period - Shot Misses the Net.
18:17 of 1st period - Wrist shot by Nikolaj Ehlers.
18:17 of 1st period - Stopped by Joe Cannata without a rebound.
18:18 of 1st period - Nicolas Petan wins face-off versus Martins Karsums in Coutelas zone.
18:27 of 1st period - Wrist shot by Iiro Pakarinen.
18:27 of 1st period - Stopped by Joe Cannata without a rebound.
18:28 of 1st period - Nicolas Petan wins face-off versus Michael Chaput in Coutelas zone.
18:29 of 1st period - Wrist shot by Iiro Pakarinen.
18:29 of 1st period - Deflect By Nicolas Petan.
18:29 of 1st period - Stopped by Joe Cannata without a rebound.
18:30 of 1st period - Michael Chaput wins face-off versus Dominik Kahun in Coutelas zone.
18:36 of 1st period - Minor Penalty to Dustin Kohn for Holding.
18:37 of 1st period - Martins Karsums wins face-off versus Dominik Kahun in Coutelas zone.
19:52 of 1st period - Martins Karsums is hit by Vladislav Gavrikov and loses puck.
Goals for this period are 0 for Coutelas vs 0 for Moose.
Shots for this period are 7 for Coutelas vs 6 for Moose.

2nd period


0:01 of 2nd period - Nikolaj Ehlers wins face-off versus Martins Karsums in neutral zone.
0:03 of 2nd period - Off-side.
0:04 of 2nd period - Martins Karsums wins face-off versus Dominik Kahun in neutral zone.
0:36 of 2nd period - Penalty to Dustin Kohn is over, Dustin Kohn is back on ice.
0:53 of 2nd period - Snap shot by Tanner Richard.
0:53 of 2nd period - Deflect By Dustin Kohn.
0:53 of 2nd period - Goal by Dustin Kohn - Coutelas : 1 - Moose : 0.
0:54 of 2nd period - Martins Karsums wins face-off versus Dominik Kahun in neutral zone.
1:21 of 2nd period - Troy Stetcher is hit by Oliver Bjorkstrand and loses puck.
1:47 of 2nd period - Snap shot by Sam Reinhart.
1:47 of 2nd period - Shot Misses the Net.
1:49 of 2nd period - Slapshot by Dustin Kohn.
1:49 of 2nd period - Goal by Dustin Kohn - Coutelas : 2 - Moose : 0.
1:50 of 2nd period - Michael Chaput wins face-off versus Dominik Kahun in neutral zone.
1:55 of 2nd period - Wrist shot by Craig Cunningham.
1:55 of 2nd period - Stopped by Joey Daccord with a rebound.
1:57 of 2nd period - Wrist shot by Martins Karsums.
1:57 of 2nd period - Shot Blocked by Vince Hinostroza.
1:59 of 2nd period - Slapshot by Petter Granberg.
1:59 of 2nd period - Deflect By Dominik Kahun.
1:59 of 2nd period - Stopped by Joey Daccord with a rebound.
2:01 of 2nd period - Slapshot by Petter Granberg.
2:01 of 2nd period - Shot Misses the Net.
2:03 of 2nd period - Snap shot by Craig Cunningham.
2:03 of 2nd period - Deflect By Martins Karsums.
2:03 of 2nd period - Shot Blocked by Nikolaj Ehlers.
2:03 of 2nd period - Puck is out of play.
2:04 of 2nd period - Dominik Kahun wins face-off versus Michael Chaput in Moose zone.
2:26 of 2nd period - Icing by Petter Granberg.
2:27 of 2nd period - Tanner Richard wins face-off versus Nicolas Petan in Coutelas zone.
2:27 of 2nd period - Tanner Richard is hit by Vladislav Gavrikov.
2:37 of 2nd period - Snap shot by Nicolas Petan.
2:37 of 2nd period - Shot Blocked by Teemu Pulkkinen.
2:39 of 2nd period - Slapshot by Iiro Pakarinen.
2:39 of 2nd period - Stopped by Joe Cannata with a rebound.
2:41 of 2nd period - Wrist shot by Iiro Pakarinen.
2:41 of 2nd period - Stopped by Joe Cannata with a rebound.
2:43 of 2nd period - Slapshot by Vladislav Gavrikov.
2:43 of 2nd period - Shot Misses the Net.
2:49 of 2nd period - Minor Penalty to Tanner Richard for Boarding.
2:50 of 2nd period - Josh Bailey wins face-off versus Martins Karsums in Coutelas zone.
2:53 of 2nd period - Snap shot by Josh Bailey.
2:53 of 2nd period - Deflect By Dominik Kahun.
2:53 of 2nd period - Stopped by Joe Cannata with a rebound.
3:06 of 2nd period - Slapshot by Troy Stetcher.
3:06 of 2nd period - Deflect By Dominik Kahun.
3:06 of 2nd period - Stopped by Joe Cannata with a rebound.
3:22 of 2nd period - Slapshot by Troy Stetcher.
3:22 of 2nd period - Shot Misses the Net.
3:24 of 2nd period - Slapshot by Ludwig Bystrom.
3:24 of 2nd period - Stopped by Joe Cannata with a rebound.
3:26 of 2nd period - Slapshot by Ludwig Bystrom.
3:26 of 2nd period - Stopped by Joe Cannata with a rebound.
4:49 of 2nd period - Penalty to Tanner Richard is over, Tanner Richard is back on ice.
5:30 of 2nd period - Wrist shot by Mattias Janmark.
5:30 of 2nd period - Shot Blocked by Mirco Mueller.
6:01 of 2nd period - Nikolay Goldobin is hit by Nick Mattson and loses puck.
6:31 of 2nd period - Backhand shot by Iiro Pakarinen.
6:31 of 2nd period - Shot Misses the Net.
6:43 of 2nd period - Nikolaj Ehlers is hit by Duncan Siemens and loses puck.
6:55 of 2nd period - Minor Penalty to Patrick Sieloff for Hooking.
6:56 of 2nd period - Martins Karsums wins face-off versus Nicolas Petan in Coutelas zone.
7:05 of 2nd period - Wrist shot by Martins Karsums.
7:05 of 2nd period - Shot Misses the Net.
7:07 of 2nd period - Wrist shot by Martins Karsums.
7:07 of 2nd period - Stopped by Joey Daccord without a rebound.
7:08 of 2nd period - Dominik Kahun wins face-off versus Martins Karsums in Moose zone.
7:35 of 2nd period - Tanner Richard is hit by Nicolas Petan and loses puck.
8:55 of 2nd period - Penalty to Patrick Sieloff is over, Patrick Sieloff is back on ice.
9:42 of 2nd period - Slapshot by Tanner Richard.
9:42 of 2nd period - Stopped by Joey Daccord without a rebound.
9:43 of 2nd period - Tanner Richard wins face-off versus Cedric Paquette in Moose zone.
10:06 of 2nd period - Icing by Vladislav Gavrikov.
10:07 of 2nd period - Michael Chaput wins face-off versus Cedric Paquette in Moose zone.
10:08 of 2nd period - Slapshot by Martins Karsums.
10:08 of 2nd period - Stopped by Joey Daccord without a rebound.
10:09 of 2nd period - Dominik Kahun wins face-off versus Michael Chaput in Moose zone.
10:22 of 2nd period - Michael Chaput is hit by Mirco Mueller and loses puck.
10:39 of 2nd period - Slapshot by Mikhail Grigorenko.
10:39 of 2nd period - Deflect By Mirco Mueller.
10:39 of 2nd period - Shot Blocked by Iiro Pakarinen.
10:39 of 2nd period - Puck is out of play.
10:40 of 2nd period - Mikhail Grigorenko wins face-off versus Nicolas Petan in Moose zone.
10:44 of 2nd period - Minor Penalty to Iiro Pakarinen for Tripping.
10:45 of 2nd period - Cedric Paquette wins face-off versus Michael Chaput in Moose zone.
10:55 of 2nd period - Slapshot by Dustin Kohn.
10:55 of 2nd period - Shot Misses the Net.
10:57 of 2nd period - Wrist shot by Martins Karsums.
10:57 of 2nd period - Shot Misses the Net.
10:59 of 2nd period - Wrist shot by Dustin Kohn.
10:59 of 2nd period - Shot Blocked by Cedric Paquette.
11:01 of 2nd period - Slapshot by Petter Granberg.
11:01 of 2nd period - Shot Blocked by Josh Bailey.
11:17 of 2nd period - Icing by Tanner Richard.
11:18 of 2nd period - Tanner Richard wins face-off versus Jordan Martinook in Coutelas zone.
11:46 of 2nd period - Slapshot by Tanner Richard.
11:46 of 2nd period - Stopped by Joey Daccord with a rebound.
11:58 of 2nd period - Snap shot by Oliver Bjorkstrand.
11:58 of 2nd period - Stopped by Joey Daccord with a rebound.
12:00 of 2nd period - Slapshot by Dustin Kohn.
12:00 of 2nd period - Deflect By Tanner Richard.
12:00 of 2nd period - Goal by Tanner Richard - Coutelas : 3 - Moose : 0.
12:01 of 2nd period - Dominik Kahun wins face-off versus Michael Chaput in neutral zone.
12:04 of 2nd period - Wrist shot by Dominik Kahun.
12:04 of 2nd period - Shot Misses the Net.
12:06 of 2nd period - Wrist shot by Vince Hinostroza.
12:06 of 2nd period - Stopped by Joe Cannata without a rebound.
12:07 of 2nd period - Dominik Kahun wins face-off versus Michael Chaput in Coutelas zone.
12:12 of 2nd period - Snap shot by Vince Hinostroza.
12:12 of 2nd period - Deflect By Martins Karsums.
12:12 of 2nd period - Stopped by Joe Cannata with a rebound.
12:14 of 2nd period - Slapshot by Ludwig Bystrom.
12:14 of 2nd period - Deflect By Vince Hinostroza.
12:14 of 2nd period - Goal by Vince Hinostroza - Coutelas : 3 - Moose : 1.
12:15 of 2nd period - Michael Chaput wins face-off versus Dominik Kahun in neutral zone.
12:24 of 2nd period - Vince Hinostroza is hit by Dustin Kohn.
12:28 of 2nd period - Snap shot by Martins Karsums.
12:28 of 2nd period - Shot Blocked by Troy Stetcher.
12:42 of 2nd period - Tanner Richard is hit by Nicolas Petan and loses puck.
12:49 of 2nd period - Slapshot by Dustin Kohn.
12:49 of 2nd period - Stopped by Joey Daccord without a rebound.
12:50 of 2nd period - Nicolas Petan wins face-off versus Michael Chaput in Moose zone.
12:50 of 2nd period - Nicolas Petan is hit by Craig Cunningham.
14:06 of 2nd period - Wrist shot by Sam Reinhart.
14:06 of 2nd period - Stopped by Joey Daccord without a rebound.
14:07 of 2nd period - Michael Chaput wins face-off versus Dominik Kahun in Moose zone.
14:34 of 2nd period - Brendan Perlini is hit by Tanner Richard and loses puck.
15:07 of 2nd period - Slapshot by Josh Bailey.
15:07 of 2nd period - Shot Misses the Net.
15:19 of 2nd period - Wrist shot by Nikolay Goldobin.
15:19 of 2nd period - Shot Misses the Net.
15:21 of 2nd period - Wrist shot by Colin White.
15:21 of 2nd period - Shot Misses the Net.
15:23 of 2nd period - Slapshot by Troy Stetcher.
15:23 of 2nd period - Shot Blocked by Mike Reilly.
15:25 of 2nd period - Backhand shot by Nathan Walker.
15:25 of 2nd period - Stopped by Joe Cannata with a rebound.
15:57 of 2nd period - Snap shot by Teemu Pulkkinen.
15:57 of 2nd period - Shot Blocked by Dominik Kahun.
15:59 of 2nd period - Snap shot by Oliver Bjorkstrand.
15:59 of 2nd period - Deflect By Tanner Richard.
15:59 of 2nd period - Shot Blocked by Mirco Mueller.
15:59 of 2nd period - Puck is out of play.
16:00 of 2nd period - Nicolas Petan wins face-off versus Tanner Richard in Moose zone.
16:00 of 2nd period - Nicolas Petan is hit by Oliver Bjorkstrand.
16:10 of 2nd period - Vladislav Gavrikov is hit by Tanner Richard and loses puck.
16:27 of 2nd period - Martins Karsums is hit by Cedric Paquette and loses puck.
16:49 of 2nd period - Dustin Kohn is hit by Ludwig Bystrom and loses puck.
16:54 of 2nd period - Wrist shot by Vince Hinostroza.
16:54 of 2nd period - Shot Misses the Net.
17:06 of 2nd period - Snap shot by Nikolay Goldobin.
17:06 of 2nd period - Goal by Nikolay Goldobin - Coutelas : 3 - Moose : 2.
17:07 of 2nd period - Dominik Kahun wins face-off versus Michael Chaput in neutral zone.
17:32 of 2nd period - Vince Hinostroza is hit by Mattias Janmark and loses puck.
17:45 of 2nd period - Snap shot by Nikolaj Ehlers.
17:45 of 2nd period - Stopped by Joe Cannata with a rebound.
18:05 of 2nd period - Slapshot by Troy Stetcher.
18:05 of 2nd period - Deflect By Iiro Pakarinen.
18:05 of 2nd period - Shot Misses the Net.
18:05 of 2nd period - Puck is out of play.
18:06 of 2nd period - Nicolas Petan wins face-off versus Craig Cunningham in Coutelas zone.
18:13 of 2nd period - Slapshot by Iiro Pakarinen.
18:13 of 2nd period - Shot Misses the Net.
18:31 of 2nd period - Michael Chaput is hit by Colin White.
18:37 of 2nd period - Snap shot by Michael Chaput.
18:37 of 2nd period - Stopped by Joey Daccord with a rebound.
18:39 of 2nd period - Wrist shot by Martins Karsums.
18:39 of 2nd period - Deflect By Michael Chaput.
18:39 of 2nd period - Shot Blocked by Vladislav Gavrikov.
18:39 of 2nd period - Puck is out of play.
18:40 of 2nd period - Tanner Richard wins face-off versus Nicolas Petan in Moose zone.
18:55 of 2nd period - Wrist shot by Tanner Richard.
18:55 of 2nd period - Deflect By Teemu Pulkkinen.
18:55 of 2nd period - Shot Blocked by Brendan Perlini.
18:55 of 2nd period - Puck is out of play.
18:56 of 2nd period - Dominik Kahun wins face-off versus Michael Chaput in Moose zone.
19:49 of 2nd period - Snap shot by Nikolay Goldobin.
19:49 of 2nd period - Shot Misses the Net.
Goals for this period are 3 for Coutelas vs 2 for Moose.
Shots for this period are 13 for Coutelas vs 12 for Moose.

3rd period


0:01 of 3rd period - Dominik Kahun wins face-off versus Michael Chaput in neutral zone.
0:06 of 3rd period - Petter Granberg is hit by Mirco Mueller and loses puck.
0:11 of 3rd period - Snap shot by Nikolaj Ehlers.
0:11 of 3rd period - Deflect By Dominik Kahun.
0:11 of 3rd period - Shot Misses the Net.
0:11 of 3rd period - Puck is out of play.
0:12 of 3rd period - Dominik Kahun wins face-off versus Michael Chaput in Coutelas zone.
0:19 of 3rd period - Snap shot by Vince Hinostroza.
0:19 of 3rd period - Shot Misses the Net.
0:21 of 3rd period - Snap shot by Dominik Kahun.
0:21 of 3rd period - Deflect By Michael Chaput.
0:21 of 3rd period - Stopped by Joe Cannata without a rebound.
0:22 of 3rd period - Dominik Kahun wins face-off versus Michael Chaput in Coutelas zone.
0:31 of 3rd period - Snap shot by Nikolaj Ehlers.
0:31 of 3rd period - Stopped by Joe Cannata with a rebound.
0:35 of 3rd period - Snap shot by Nikolaj Ehlers.
0:35 of 3rd period - Stopped by Joe Cannata with a rebound.
1:04 of 3rd period - Wrist shot by Nikolaj Ehlers.
1:04 of 3rd period - Stopped by Joe Cannata without a rebound.
1:05 of 3rd period - Tanner Richard wins face-off versus Nicolas Petan in Coutelas zone.
1:16 of 3rd period - Wrist shot by Nicolas Petan.
1:16 of 3rd period - Stopped by Joe Cannata with a rebound.
1:30 of 3rd period - Josh Bailey is hit by Dustin Kohn and loses puck.
1:41 of 3rd period - Wrist shot by Mattias Janmark.
1:41 of 3rd period - Stopped by Joey Daccord with a rebound.
2:24 of 3rd period - Minor Penalty to Patrick Sieloff for Interference.
2:25 of 3rd period - Dominik Kahun wins face-off versus Martins Karsums in Coutelas zone.
4:24 of 3rd period - Penalty to Patrick Sieloff is over, Patrick Sieloff is back on ice.
4:26 of 3rd period - Nikita Scherbak is hit by Jordan Martinook and loses puck.
4:49 of 3rd period - Wrist shot by Mikhail Grigorenko.
4:49 of 3rd period - Goal by Mikhail Grigorenko - Coutelas : 4 - Moose : 2.
4:50 of 3rd period - Dominik Kahun wins face-off versus Teemu Pulkkinen in neutral zone.
5:15 of 3rd period - Mattias Janmark is hit by Ludwig Bystrom and loses puck.
5:35 of 3rd period - Jordan Martinook is hit by Mike Reilly and loses puck.
5:42 of 3rd period - Snap shot by Craig Cunningham.
5:42 of 3rd period - Stopped by Joey Daccord without a rebound.
5:43 of 3rd period - Michael Chaput wins face-off versus Dominik Kahun in Moose zone.
5:58 of 3rd period - Slapshot by Troy Stetcher.
5:58 of 3rd period - Shot Blocked by Craig Cunningham.
6:50 of 3rd period - Snap shot by Nikolaj Ehlers.
6:50 of 3rd period - Stopped by Joe Cannata with a rebound.
6:52 of 3rd period - Slapshot by Alexandre Carrier.
6:52 of 3rd period - Shot Misses the Net.
6:54 of 3rd period - Wrist shot by Nikolaj Ehlers.
6:54 of 3rd period - Stopped by Joe Cannata without a rebound.
6:55 of 3rd period - Dominik Kahun wins face-off versus Michael Chaput in Coutelas zone.
7:05 of 3rd period - Minor Penalty to Dustin Kohn for Holding.
7:06 of 3rd period - Michael Chaput wins face-off versus Dominik Kahun in Coutelas zone.
7:14 of 3rd period - Snap shot by Michael Chaput.
7:14 of 3rd period - Goal by Michael Chaput - Coutelas : 5 - Moose : 2.
7:14 of 3rd period - Magnus Hellberg enters game.
7:15 of 3rd period - Martins Karsums wins face-off versus Dominik Kahun in neutral zone.
7:18 of 3rd period - Snap shot by Petter Granberg.
7:18 of 3rd period - Stopped by Magnus Hellberg with a rebound.
7:40 of 3rd period - Mike Reilly is hit by Nathan Walker and loses puck.
8:09 of 3rd period - Ben Harpur is hit by Josh Bailey and loses puck.
9:05 of 3rd period - Penalty to Dustin Kohn is over, Dustin Kohn is back on ice.
9:08 of 3rd period - Snap shot by Jordan Martinook.
9:08 of 3rd period - Stopped by Joe Cannata without a rebound.
9:09 of 3rd period - Tanner Richard wins face-off versus Vince Hinostroza in Coutelas zone.
9:41 of 3rd period - Snap shot by Jordan Martinook.
9:41 of 3rd period - Stopped by Joe Cannata with a rebound.
9:43 of 3rd period - Wrist shot by Cedric Paquette.
9:43 of 3rd period - Stopped by Joe Cannata without a rebound.
9:44 of 3rd period - Nicolas Petan wins face-off versus Michael Chaput in Coutelas zone.
9:53 of 3rd period - Wrist shot by Brendan Perlini.
9:53 of 3rd period - Shot Misses the Net.
9:55 of 3rd period - Wrist shot by Iiro Pakarinen.
9:55 of 3rd period - Deflect By Brendan Perlini.
9:55 of 3rd period - Shot Misses the Net.
9:55 of 3rd period - Puck is out of play.
9:56 of 3rd period - Nicolas Petan wins face-off versus Michael Chaput in Coutelas zone.
9:57 of 3rd period - Wrist shot by Iiro Pakarinen.
9:57 of 3rd period - Shot Misses the Net.
9:59 of 3rd period - Snap shot by Iiro Pakarinen.
9:59 of 3rd period - Deflect By Brendan Perlini.
9:59 of 3rd period - Shot Misses the Net.
9:59 of 3rd period - Puck is out of play.
10:00 of 3rd period - Nicolas Petan wins face-off versus Michael Chaput in Coutelas zone.
10:30 of 3rd period - Off-side.
10:31 of 3rd period - Tanner Richard wins face-off versus Dominik Kahun in neutral zone.
11:25 of 3rd period - Snap shot by Rhett Rakhshani.
11:25 of 3rd period - Stopped by Magnus Hellberg without a rebound.
11:26 of 3rd period - Dominik Kahun wins face-off versus Tanner Richard in Moose zone.
11:53 of 3rd period - Troy Stetcher is hit by Petter Granberg and loses puck.
12:20 of 3rd period - Mirco Mueller is hit by Rhett Rakhshani and loses puck.
13:00 of 3rd period - Wrist shot by Nikolaj Ehlers.
13:00 of 3rd period - Stopped by Joe Cannata with a rebound.
13:16 of 3rd period - Snap shot by Michael Chaput.
13:16 of 3rd period - Shot Blocked by Dominik Kahun.
13:36 of 3rd period - Slapshot by Mattias Janmark.
13:36 of 3rd period - Shot Misses the Net.
13:38 of 3rd period - Snap shot by Mikhail Grigorenko.
13:38 of 3rd period - Shot Misses the Net.
13:42 of 3rd period - Slapshot by Dustin Kohn.
13:42 of 3rd period - Deflect By Rhett Rakhshani.
13:42 of 3rd period - Stopped by Magnus Hellberg without a rebound.
13:43 of 3rd period - Nicolas Petan wins face-off versus Michael Chaput in Moose zone.
14:22 of 3rd period - Snap shot by Iiro Pakarinen.
14:22 of 3rd period - Stopped by Joe Cannata with a rebound.
14:56 of 3rd period - Curtis Lazar is hit by Jordan Martinook and loses puck.
15:38 of 3rd period - Minor Penalty to Mikhail Grigorenko for High sticking.
15:39 of 3rd period - Martins Karsums wins face-off versus Dominik Kahun in Coutelas zone.
15:46 of 3rd period - Josh Bailey is hit by Dustin Kohn and loses puck.
17:34 of 3rd period - Petter Granberg is hit by Ludwig Bystrom and loses puck.
17:38 of 3rd period - Penalty to Mikhail Grigorenko is over, Mikhail Grigorenko is back on ice.
17:39 of 3rd period - Wrist shot by Jordan Martinook.
17:39 of 3rd period - Shot Misses the Net.
Goals for this period are 2 for Coutelas vs 0 for Moose.
Shots for this period are 7 for Coutelas vs 12 for Moose. Output by the SimonT Hockey Simulator (STHS) for Francois Prevost - Original Page W3C HTML5 Valid
Hockey Simulator - Hockey Simulation - Hockey Manager